 Dungeon Crawl Stone Soup version 0.29-a0-91-gdebf4667c2 (webtiles) character file.

Game seed: 9212714892841889732

315 enile the Sneak (level 6, -1/45 HPs)
             Began as an Octopode Brigand on Feb 8, 2022.
             Was a Plaything of Xom.
             Slain by an ogre (15 damage)
             ... on level 4 of the Dungeon.
             The game lasted 00:07:05 (3356 turns).

enile the Sneak (Octopode Brigand)                  Turns: 3356, Time: 00:07:06

Health: -1/45      AC:  1    Str: 10    XL:     6   Next: 44%
Magic:  6/6        EV: 14    Int: 15    God:    Xom [*.....]
Gold:   145        SH:  0    Dex: 14    Spells: 5/5 levels left

rFire   . . .      SeeInvis .   m - +3 quarterstaff (chaos)
rCold   . . .      Faith    .   (shield currently unavailable)
rNeg    . . .      Spirit   .   (helmet restricted)
rPois   .          Reflect  .   (no amulet)
rElec   .          Harm     .   (no ring)
rCorr   .          Rampage  .   (no ring)
Will    .....                   (no ring)
Stlth   ++++......              (no ring)
HPRegen 0.15/turn               (no ring)
MPRegen 0.10/turn               (no ring)
                                (no ring)
                                (no ring)

@: about to teleport
A: almost no armour, amphibious, 8 rings, camouflage 1, gelatinous body 1,
(nimble swimmer 1), tentacles
a: Renounce Religion


You were on level 4 of the Dungeon.
You worshipped Xom.
You were a special plaything of Xom.
You visited 1 branch of the dungeon, and saw 4 of its levels.

You collected 145 gold pieces.

Inventory:

Hand Weapons
 a - a +2 dagger
 m - a +3 quarterstaff of chaos (weapon)
Missiles
 b - 3 poisoned darts (quivered)
Jewellery
 n - a ring of positive energy
Scrolls
 e - 3 scrolls of identify
 g - a scroll of noise
 i - a scroll of silence {unknown}
Potions
 h - a potion of resistance {unknown}
 j - a potion of mutation {unknown}
 k - a potion of flight {unknown}
 l - a potion of might


   Skills:
 + Level 5.5 Fighting
 - Level 2.0 Short Blades
 - Level 2.0 Throwing
 - Level 3.0 Dodging
 - Level 6.0 Stealth


You had 5 spell levels left.
You didn't know any spells.
Your spell library contained the following spells:

 Spells                   Type           Power      Damage    Failure   Level
 Corpse Rot               Necr/Air       0%         N/A       38%         2
 Poisonous Vapours        Pois/Air       0%         N/A       38%         2


Dungeon Overview and Level Annotations

Branches:
Dungeon (4/15)
 Temple: D:4-7

Altars:
Fedhas
Makhleb
Xom
The Shining One


Innate Abilities, Weirdness & Mutations

You cannot wear most types of armour.
You are amphibious.
You can wear up to eight rings at the same time.
Your skin changes colour to match your surroundings (Stealth+).
Your rubbery body absorbs attacks. (AC +1, EV +1)
((You are camouflaged when in or above water. (Stealth+)))
You have tentacles for arms and can constrict up to eight enemies at once.


Message History

You throw a poisoned dart. The poisoned dart hits the iguana.
The iguana is poisoned.
The iguana is moderately wounded.
You hit the iguana.
The iguana seems to slow down.
You freeze the iguana. Your grab misses the iguana.
You squeeze the iguana, but do no damage.
The iguana is heavily wounded.
The iguana closely misses you.
You sock the iguana!
You kill the iguana!
The ball python bites you. The ball python closely misses you.
You hit the ball python. You drain the ball python.
You kill the ball python!
Throw: throwing net
Press: ? - help, Q - select action, (/) - cycle Shift-Dir - straight line, f - ogre
Aim: an ogre, wielding a +0 giant spiked club (76% to hit)
You throw a throwing net.
The throwing net barely misses the ogre.
The ogre hits you with a +0 giant spiked club!!
Throw: 4 darts (poison)
Press: ? - help, Q - select action Shift-Dir - straight line, f/p - ogre
Aim: an ogre, wielding a +0 giant spiked club (76% to hit)
You throw a poisoned dart. The poisoned dart hits the ogre.
The ogre is poisoned.
The ogre looks more healthy.
A worm comes into view. "See what I see, my child!"
You detect items!
The helpless worm fails to defend itself.
You sock the worm! You freeze the worm. You grab the worm.
The worm is severely wounded.
You constrict the worm.
The ogre hits you with a +0 giant spiked club!
The worm bites you.
As you read the scroll labelled FEUPNO NUOZENE, it crumbles to dust.
You feel strangely unstable.
It was a scroll of teleportation.
You constrict the worm.
The ogre hits you with a +0 giant spiked club!
You die...
Xom titters!

∆ .# .# .#
.# .# .#
######w# ∆
#...O@.#
#.######
##.####...
#.........
#..####...
∆
#.........
#.#####...
#.# ###
#.# ..#


You could see an ogre and a worm.

Vanquished Creatures
  A scorpion (D:4)
  Crazy Yiuf (D:3)
  2 iguanas (D:4)
  4 adders
  4 gnolls (D:2)
  2 worms (D:2)
  6 dart slugs
  An orc (D:3)
  8 bats
  8 endoplasms
  A giant cockroach (D:2)
  10 goblins
  3 hobgoblins
  4 jackals (D:2)
  10 kobolds
  2 quokkas (D:1)
  5 ball pythons
  4 frilled lizards
  7 rats
83 creatures vanquished.

Vanquished Creatures (others)
  2 plants (D:1)
2 creatures vanquished.

Grand Total: 85 creatures vanquished

Notes
Turn   | Place    | Note
-------+----------+-------------------------------------------
     0 | D:1      | enile the Octopode Brigand began the quest for the Orb.
     0 | D:1      | Reached XP level 1. HP: 14/14 MP: 1/1
    37 | D:1      | Reached XP level 2. HP: 10/20 MP: 2/2
   641 | D:1      | Reached XP level 3. HP: 20/26 MP: 3/3
   825 | D:1      | Reached skill level 6 in Stealth
  1499 | D:2      | Reached XP level 4. HP: 14/31 MP: 4/4
  1998 | D:2      | Found a faded altar of an unknown god.
  2007 | D:2      | Prayed at the altar of an unknown god.
  2007 | D:2      | Became a worshipper of Xom of Chaos
  2141 | D:2      | Reached XP level 5. HP: 33/37 MP: 5/5
  2498 | D:3      | Found a blossoming altar of Fedhas.
  2555 | D:3      | Found a runed translucent door.
  2556 | D:3      | Noticed Crazy Yiuf
  2773 | D:3      | Found a glowing golden altar of the Shining One.
  3001 | D:3      | Killed Crazy Yiuf
  3002 | D:3      | Reached skill level 5 in Fighting
  3070 | D:4      | Found a burning altar of Makhleb.
  3107 | D:4      | Reached XP level 6. HP: 23/45 MP: 6/6
  3319 | D:4      | XOM: 1-stop teleportation journey
  3321 | D:4      | XOM: summons friendly white imp
  3351 | D:4      | XOM: divination: detect items
  3356 | D:4      | Slain by an ogre

Illustrated notes

Levels and vault maps discovered:
D:1:      roderic_crossed_star, layout_basic, st_stairs_11, serial_bayou_pond_b
D:2:      layout_basic, hellmonk_ecumenical_altar_zigzags, item_on_display_b
D:3:      layout_basic, overflow_temple_1_default, mainiacjoe_overflow_alcove_1,
          uniq_crazy_yiuf_cottage
D:4:      layout_loops_ring, bloody_makhleb, gammafunk_ghost_nasty_kobolds

Skill      XL: |  1  2  3  4  5 |
---------------+----------------+-----
Fighting       | 3 4 5 |  5.5
Stealth        | 6 |  6.0
Dodging        | 2 3 |  3.0
Short Blades   | |  2.0
Throwing       | |  2.0

Action                   |  1- 3 |  4- 6 || total
-------------------------+-------+-------++-------
Melee: Dagger            |    74 |    54 ||   128
       Constrict         |    13 |    16 ||    29
       Tentacles         |    10 |    12 ||    22
       Punch             |     2 |     1 ||     3
       Quarterstaff      |       |    13 ||    13
Throw: Dart              |     4 |    10 ||    14
       Throwing net      |       |     5 ||     5
  Use: Potion            |     2 |       ||     2
       Scroll            |     1 |     1 ||     2
 Stab: Sleeping          |    10 |    16 ||    26
       Held in net/web   |       |     1 ||     1
Armor: Skin              |     4 |     1 ||     5
Dodge: Dodged            |    46 |    41 ||    87

Table legend: (Time is in decaauts)
 A = Elapsed time spent in this place.
 B = Non-inter-level travel time spent in this place.
 C = Inter-level travel time spent in this place.
 D = Time resting spent in this place.
 E = Time spent auto-exploring this place.
 F = Levels seen in this place.
 G = Mean time per level.
                   A        B        C        D        E       F      G
               +--------+--------+--------+--------+--------+-----+--------+
         Total |   3344 |   3236 |    108 |      0 |   2682 |   4 |  836.0 |
       Dungeon |   3344 |   3236 |    108 |      0 |   2682 |   4 |  836.0 |
               +--------+--------+--------+--------+--------+-----+--------+

Top non-repeatable levels by time:
     D:1: 1391 daAuts
     D:2: 1062 daAuts
     D:3: 580 daAuts
     D:4: 309 daAuts
